Unix NetHack Version 3.7.0-66 Work-in-progress - last build Dec 26 2022 05:50:31 (55254d10815e23f0e7c0ebc937178fe17f3ffff8,branch:master).

Game began 2022-12-19 19:43:50, ended 2022-12-26 18:16:42.

spontiff, lawful female dwarven Valkyrie

  
unreconnoitered
unreconnoitered
unreconnoitered
unreconnoitered
unreconnoitered
unreconnoitered
unreconnoitered
unreconnoitered
unreconnoitered
unreconnoitered
unreconnoitered
unreconnoitered
unreconnoitered
unreconnoitered
unreconnoitered
unreconnoitered
unreconnoitered
unreconnoitered
unreconnoitered
unreconnoitered
unreconnoitered
unreconnoitered
unreconnoitered
unreconnoitered
unreconnoitered
unreconnoitered
unreconnoitered
unreconnoitered
unreconnoitered
unreconnoitered
unreconnoitered
unreconnoitered
unreconnoitered
unreconnoitered
unreconnoitered
unreconnoitered
unreconnoitered
unreconnoitered
unreconnoitered
unreconnoitered
unreconnoitered
unreconnoitered
unreconnoitered
unreconnoitered
unreconnoitered
unreconnoitered
unreconnoitered
unreconnoitered
unreconnoitered
unreconnoitered
unreconnoitered
unreconnoitered
unreconnoitered
unreconnoitered
unreconnoitered
unreconnoitered
unreconnoitered
unreconnoitered
unreconnoitered
unreconnoitered
unreconnoitered
unreconnoitered
unreconnoitered
unreconnoitered
unreconnoitered
unreconnoitered
unreconnoitered
unreconnoitered
unreconnoitered
unreconnoitered
unreconnoitered
unreconnoitered
unreconnoitered
unreconnoitered
unreconnoitered
unreconnoitered
unreconnoitered
unreconnoitered
unreconnoitered
unreconnoitered
unreconnoitered
unreconnoitered
unreconnoitered
unreconnoitered
unreconnoitered
unreconnoitered
unreconnoitered
unreconnoitered
unreconnoitered
unreconnoitered
unreconnoitered
unreconnoitered
unreconnoitered
unreconnoitered
unreconnoitered
unreconnoitered
unreconnoitered
unreconnoitered
unreconnoitered
unreconnoitered
unreconnoitered
unreconnoitered
unreconnoitered
unreconnoitered
unreconnoitered
unreconnoitered
unreconnoitered
unreconnoitered
unreconnoitered
unreconnoitered
unreconnoitered
unreconnoitered
unreconnoitered
unreconnoitered
unreconnoitered
unreconnoitered
unreconnoitered
unreconnoitered
unreconnoitered
unreconnoitered
unreconnoitered
unreconnoitered
unreconnoitered
unreconnoitered
unreconnoitered
unreconnoitered
unreconnoitered
unreconnoitered
unreconnoitered
unreconnoitered
unreconnoitered
unreconnoitered
unreconnoitered
unreconnoitered
unreconnoitered
unreconnoitered
unreconnoitered
unreconnoitered
unreconnoitered
unreconnoitered
unreconnoitered
unreconnoitered
unreconnoitered
unreconnoitered
unreconnoitered
unreconnoitered
unreconnoitered
unreconnoitered
unreconnoitered
unreconnoitered
unreconnoitered
unreconnoitered
unreconnoitered
unreconnoitered
unreconnoitered
unreconnoitered
unreconnoitered
unreconnoitered
unreconnoitered
unreconnoitered
unreconnoitered
unreconnoitered
unreconnoitered
unreconnoitered
unreconnoitered
unreconnoitered
unreconnoitered
unreconnoitered
unreconnoitered
unreconnoitered
unreconnoitered
unreconnoitered
unreconnoitered
unreconnoitered
unreconnoitered
unreconnoitered
unreconnoitered
unreconnoitered
unreconnoitered
unreconnoitered
unreconnoitered
unreconnoitered
unreconnoitered
unreconnoitered
unreconnoitered
unreconnoitered
unreconnoitered
unreconnoitered
unreconnoitered
unreconnoitered
unreconnoitered
unreconnoitered
unreconnoitered
unreconnoitered
unreconnoitered
unreconnoitered
unreconnoitered
unreconnoitered
unreconnoitered
unreconnoitered
unreconnoitered
unreconnoitered
unreconnoitered
unreconnoitered
unreconnoitered
unreconnoitered
unreconnoitered
unreconnoitered
unreconnoitered
unreconnoitered
unreconnoitered
unreconnoitered
unreconnoitered
unreconnoitered
unreconnoitered
unreconnoitered
unreconnoitered
unreconnoitered
unreconnoitered
unreconnoitered
unreconnoitered
unreconnoitered
unreconnoitered
unreconnoitered
unreconnoitered
unreconnoitered
unreconnoitered
unreconnoitered
unreconnoitered
unreconnoitered
unreconnoitered
unreconnoitered
unreconnoitered
unreconnoitered
unreconnoitered
unreconnoitered
unreconnoitered
unreconnoitered
unreconnoitered
unreconnoitered
unreconnoitered
unreconnoitered
unreconnoitered
unreconnoitered
unreconnoitered
unreconnoitered
unreconnoitered
unreconnoitered
unreconnoitered
unreconnoitered
unreconnoitered
unreconnoitered
unreconnoitered
unreconnoitered
unreconnoitered
unreconnoitered
unreconnoitered
unreconnoitered
unreconnoitered
unreconnoitered
unreconnoitered
unreconnoitered
unreconnoitered
unreconnoitered
unreconnoitered
unreconnoitered
unreconnoitered
unreconnoitered
unreconnoitered
unreconnoitered
unreconnoitered
unreconnoitered
unreconnoitered
unreconnoitered
unreconnoitered
unreconnoitered
unreconnoitered
unreconnoitered
unreconnoitered
unreconnoitered
unreconnoitered
unreconnoitered
unreconnoitered
unreconnoitered
unreconnoitered
unreconnoitered
unreconnoitered
unreconnoitered
unreconnoitered
unreconnoitered
unreconnoitered
unreconnoitered
unreconnoitered
unreconnoitered
unreconnoitered
unreconnoitered
unreconnoitered
unreconnoitered
unreconnoitered
unreconnoitered
unreconnoitered
unreconnoitered
unreconnoitered
unreconnoitered
unreconnoitered
unreconnoitered
unreconnoitered
unreconnoitered
unreconnoitered
unreconnoitered
unreconnoitered
unreconnoitered
unreconnoitered
unreconnoitered
unreconnoitered
unreconnoitered
unreconnoitered
unreconnoitered
unreconnoitered
unreconnoitered
unreconnoitered
unreconnoitered
unreconnoitered
unreconnoitered
unreconnoitered
unreconnoitered
unreconnoitered
unreconnoitered
unreconnoitered
unreconnoitered
unreconnoitered
unreconnoitered
unreconnoitered
unreconnoitered
unreconnoitered
unreconnoitered
unreconnoitered
unreconnoitered
unreconnoitered
unreconnoitered
unreconnoitered
unreconnoitered
unreconnoitered
>unreconnoitered
.unreconnoitered
.unreconnoitered
.unreconnoitered
.unreconnoitered
.unreconnoitered
.unreconnoitered
.unreconnoitered
.unreconnoitered
.unreconnoitered
.unreconnoitered
.unreconnoitered
.unreconnoitered
.unreconnoitered
.unreconnoitered
.unreconnoitered
.unreconnoitered
.unreconnoitered
.unreconnoitered
.unreconnoitered
.unreconnoitered
.unreconnoitered
.unreconnoitered
)unreconnoitered
unreconnoitered
unreconnoitered
unreconnoitered
unreconnoitered
unreconnoitered
unreconnoitered
unreconnoitered
unreconnoitered
unreconnoitered
unreconnoitered
unreconnoitered
unreconnoitered
unreconnoitered
unreconnoitered
unreconnoitered
unreconnoitered
unreconnoitered
unreconnoitered
unreconnoitered
unreconnoitered
unreconnoitered
unreconnoitered
unreconnoitered
unreconnoitered
unreconnoitered
unreconnoitered
unreconnoitered
unreconnoitered
unreconnoitered
unreconnoitered
unreconnoitered
unreconnoitered
unreconnoitered
unreconnoitered
unreconnoitered
unreconnoitered
unreconnoitered
unreconnoitered
unreconnoitered
unreconnoitered
unreconnoitered
unreconnoitered
unreconnoitered
unreconnoitered
unreconnoitered
unreconnoitered
unreconnoitered
unreconnoitered
unreconnoitered
unreconnoitered
unreconnoitered
unreconnoitered
unreconnoitered
unreconnoitered
unreconnoitered
.unreconnoitered
.unreconnoitered
.unreconnoitered
.unreconnoitered
.unreconnoitered
.unreconnoitered
.unreconnoitered
unreconnoitered
unreconnoitered
unreconnoitered
unreconnoitered
unreconnoitered
unreconnoitered
unreconnoitered
unreconnoitered
unreconnoitered
unreconnoitered
unreconnoitered
unreconnoitered
unreconnoitered
unreconnoitered
unreconnoitered
unreconnoitered
)unreconnoitered
unreconnoitered
unreconnoitered
unreconnoitered
unreconnoitered
unreconnoitered
unreconnoitered
unreconnoitered
unreconnoitered
unreconnoitered
unreconnoitered
unreconnoitered
unreconnoitered
unreconnoitered
unreconnoitered
unreconnoitered
unreconnoitered
unreconnoitered
unreconnoitered
unreconnoitered
unreconnoitered
unreconnoitered
unreconnoitered
unreconnoitered
unreconnoitered
unreconnoitered
unreconnoitered
unreconnoitered
unreconnoitered
unreconnoitered
unreconnoitered
unreconnoitered
unreconnoitered
unreconnoitered
unreconnoitered
unreconnoitered
unreconnoitered
unreconnoitered
unreconnoitered
unreconnoitered
unreconnoitered
unreconnoitered
unreconnoitered
unreconnoitered
unreconnoitered
unreconnoitered
unreconnoitered
unreconnoitered
unreconnoitered
unreconnoitered
unreconnoitered
unreconnoitered
unreconnoitered
unreconnoitered
unreconnoitered
unreconnoitered
unreconnoitered
unreconnoitered
unreconnoitered
unreconnoitered
unreconnoitered
unreconnoitered
.unreconnoitered
unreconnoitered
unreconnoitered
unreconnoitered
unreconnoitered
unreconnoitered
unreconnoitered
unreconnoitered
unreconnoitered
unreconnoitered
unreconnoitered
unreconnoitered
unreconnoitered
unreconnoitered
unreconnoitered
unreconnoitered
unreconnoitered
.unreconnoitered
unreconnoitered
unreconnoitered
unreconnoitered
unreconnoitered
unreconnoitered
unreconnoitered
unreconnoitered
unreconnoitered
unreconnoitered
unreconnoitered
unreconnoitered
unreconnoitered
unreconnoitered
unreconnoitered
unreconnoitered
unreconnoitered
unreconnoitered
unreconnoitered
unreconnoitered
unreconnoitered
unreconnoitered
unreconnoitered
unreconnoitered
unreconnoitered
unreconnoitered
unreconnoitered
unreconnoitered
unreconnoitered
unreconnoitered
unreconnoitered
unreconnoitered
unreconnoitered
unreconnoitered
unreconnoitered
unreconnoitered
unreconnoitered
unreconnoitered
unreconnoitered
unreconnoitered
unreconnoitered
unreconnoitered
unreconnoitered
unreconnoitered
unreconnoitered
unreconnoitered
unreconnoitered
unreconnoitered
unreconnoitered
unreconnoitered
unreconnoitered
unreconnoitered
unreconnoitered
unreconnoitered
unreconnoitered
unreconnoitered
unreconnoitered
.unreconnoitered
.unreconnoitered
.unreconnoitered
.unreconnoitered
.unreconnoitered
.unreconnoitered
.unreconnoitered
.unreconnoitered
.unreconnoitered
.unreconnoitered
.unreconnoitered
unreconnoitered
unreconnoitered
unreconnoitered
unreconnoitered
unreconnoitered
unreconnoitered
unreconnoitered
unreconnoitered
unreconnoitered
unreconnoitered
unreconnoitered
.unreconnoitered
unreconnoitered
unreconnoitered
unreconnoitered
unreconnoitered
unreconnoitered
unreconnoitered
unreconnoitered
unreconnoitered
unreconnoitered
unreconnoitered
unreconnoitered
unreconnoitered
unreconnoitered
unreconnoitered
unreconnoitered
unreconnoitered
unreconnoitered
unreconnoitered
unreconnoitered
unreconnoitered
unreconnoitered
unreconnoitered
unreconnoitered
unreconnoitered
unreconnoitered
unreconnoitered
unreconnoitered
unreconnoitered
unreconnoitered
unreconnoitered
unreconnoitered
unreconnoitered
unreconnoitered
unreconnoitered
unreconnoitered
unreconnoitered
unreconnoitered
unreconnoitered
unreconnoitered
unreconnoitered
unreconnoitered
unreconnoitered
unreconnoitered
unreconnoitered
unreconnoitered
unreconnoitered
unreconnoitered
unreconnoitered
unreconnoitered
unreconnoitered
unreconnoitered
unreconnoitered
unreconnoitered
unreconnoitered
unreconnoitered
unreconnoitered
.unreconnoitered
.unreconnoitered
.unreconnoitered
.unreconnoitered
.unreconnoitered
.unreconnoitered
.unreconnoitered
.unreconnoitered
.unreconnoitered
.unreconnoitered
.unreconnoitered
unreconnoitered
unreconnoitered
unreconnoitered
unreconnoitered
unreconnoitered
unreconnoitered
unreconnoitered
unreconnoitered
unreconnoitered
unreconnoitered
unreconnoitered
.unreconnoitered
unreconnoitered
unreconnoitered
unreconnoitered
unreconnoitered
unreconnoitered
unreconnoitered
unreconnoitered
unreconnoitered
unreconnoitered
unreconnoitered
unreconnoitered
unreconnoitered
unreconnoitered
unreconnoitered
unreconnoitered
unreconnoitered
unreconnoitered
unreconnoitered
unreconnoitered
unreconnoitered
unreconnoitered
unreconnoitered
unreconnoitered
unreconnoitered
unreconnoitered
unreconnoitered
unreconnoitered
unreconnoitered
unreconnoitered
unreconnoitered
unreconnoitered
unreconnoitered
unreconnoitered
unreconnoitered
unreconnoitered
unreconnoitered
unreconnoitered
unreconnoitered
unreconnoitered
unreconnoitered
unreconnoitered
unreconnoitered
unreconnoitered
unreconnoitered
unreconnoitered
unreconnoitered
unreconnoitered
unreconnoitered
unreconnoitered
unreconnoitered
unreconnoitered
unreconnoitered
unreconnoitered
unreconnoitered
unreconnoitered
unreconnoitered
unreconnoitered
unreconnoitered
unreconnoitered
unreconnoitered
unreconnoitered
unreconnoitered
.unreconnoitered
unreconnoitered
unreconnoitered
unreconnoitered
unreconnoitered
unreconnoitered
unreconnoitered
unreconnoitered
unreconnoitered
unreconnoitered
unreconnoitered
unreconnoitered
unreconnoitered
unreconnoitered
unreconnoitered
unreconnoitered
.unreconnoitered
unreconnoitered
unreconnoitered
unreconnoitered
unreconnoitered
unreconnoitered
unreconnoitered
unreconnoitered
unreconnoitered
unreconnoitered
unreconnoitered
unreconnoitered
unreconnoitered
unreconnoitered
unreconnoitered
unreconnoitered
unreconnoitered
unreconnoitered
unreconnoitered
unreconnoitered
unreconnoitered
unreconnoitered
unreconnoitered
unreconnoitered
unreconnoitered
unreconnoitered
unreconnoitered
unreconnoitered
unreconnoitered
unreconnoitered
unreconnoitered
unreconnoitered
unreconnoitered
unreconnoitered
unreconnoitered
unreconnoitered
unreconnoitered
unreconnoitered
unreconnoitered
unreconnoitered
unreconnoitered
unreconnoitered
unreconnoitered
unreconnoitered
unreconnoitered
unreconnoitered
unreconnoitered
unreconnoitered
unreconnoitered
unreconnoitered
unreconnoitered
unreconnoitered
unreconnoitered
unreconnoitered
unreconnoitered
unreconnoitered
[unreconnoitered
.unreconnoitered
.unreconnoitered
.unreconnoitered
.unreconnoitered
.unreconnoitered
.unreconnoitered
.unreconnoitered
.unreconnoitered
.unreconnoitered
.unreconnoitered
.unreconnoitered
unreconnoitered
unreconnoitered
unreconnoitered
unreconnoitered
unreconnoitered
unreconnoitered
unreconnoitered
unreconnoitered
unreconnoitered
unreconnoitered
unreconnoitered
.unreconnoitered
unreconnoitered
unreconnoitered
unreconnoitered
unreconnoitered
unreconnoitered
unreconnoitered
unreconnoitered
unreconnoitered
unreconnoitered
unreconnoitered
unreconnoitered
unreconnoitered
unreconnoitered
unreconnoitered
unreconnoitered
unreconnoitered
unreconnoitered
unreconnoitered
unreconnoitered
unreconnoitered
unreconnoitered
unreconnoitered
unreconnoitered
unreconnoitered
unreconnoitered
unreconnoitered
unreconnoitered
unreconnoitered
unreconnoitered
unreconnoitered
unreconnoitered
unreconnoitered
unreconnoitered
unreconnoitered
unreconnoitered
unreconnoitered
unreconnoitered
unreconnoitered
unreconnoitered
unreconnoitered
unreconnoitered
unreconnoitered
unreconnoitered
unreconnoitered
unreconnoitered
unreconnoitered
unreconnoitered
unreconnoitered
unreconnoitered
unreconnoitered
unreconnoitered
unreconnoitered
unreconnoitered
unreconnoitered
unreconnoitered
.unreconnoitered
.unreconnoitered
.unreconnoitered
.unreconnoitered
.unreconnoitered
.unreconnoitered
.unreconnoitered
.unreconnoitered
.unreconnoitered
.unreconnoitered
.unreconnoitered
.unreconnoitered
unreconnoitered
unreconnoitered
unreconnoitered
unreconnoitered
unreconnoitered
unreconnoitered
unreconnoitered
unreconnoitered
unreconnoitered
unreconnoitered
unreconnoitered
.unreconnoitered
unreconnoitered
unreconnoitered
unreconnoitered
unreconnoitered
unreconnoitered
unreconnoitered
unreconnoitered
unreconnoitered
unreconnoitered
unreconnoitered
unreconnoitered
unreconnoitered
unreconnoitered
unreconnoitered
unreconnoitered
unreconnoitered
unreconnoitered
unreconnoitered
unreconnoitered
unreconnoitered
unreconnoitered
unreconnoitered
unreconnoitered
unreconnoitered
unreconnoitered
unreconnoitered
unreconnoitered
unreconnoitered
unreconnoitered
unreconnoitered
unreconnoitered
unreconnoitered
unreconnoitered
unreconnoitered
unreconnoitered
unreconnoitered
unreconnoitered
unreconnoitered
unreconnoitered
unreconnoitered
unreconnoitered
unreconnoitered
unreconnoitered
unreconnoitered
unreconnoitered
unreconnoitered
unreconnoitered
unreconnoitered
unreconnoitered
unreconnoitered
unreconnoitered
unreconnoitered
unreconnoitered
unreconnoitered
unreconnoitered
unreconnoitered
unreconnoitered
unreconnoitered
unreconnoitered
.unreconnoitered
unreconnoitered
unreconnoitered
unreconnoitered
unreconnoitered
unreconnoitered
unreconnoitered
unreconnoitered
unreconnoitered
unreconnoitered
unreconnoitered
unreconnoitered
unreconnoitered
unreconnoitered
unreconnoitered
unreconnoitered
unreconnoitered
unreconnoitered
unreconnoitered
.unreconnoitered
unreconnoitered
unreconnoitered
unreconnoitered
unreconnoitered
unreconnoitered
unreconnoitered
unreconnoitered
unreconnoitered
unreconnoitered
unreconnoitered
unreconnoitered
unreconnoitered
unreconnoitered
unreconnoitered
unreconnoitered
unreconnoitered
unreconnoitered
unreconnoitered
unreconnoitered
unreconnoitered
unreconnoitered
unreconnoitered
unreconnoitered
unreconnoitered
unreconnoitered
unreconnoitered
unreconnoitered
unreconnoitered
unreconnoitered
unreconnoitered
unreconnoitered
unreconnoitered
unreconnoitered
unreconnoitered
unreconnoitered
unreconnoitered
unreconnoitered
unreconnoitered
unreconnoitered
unreconnoitered
unreconnoitered
unreconnoitered
unreconnoitered
unreconnoitered
unreconnoitered
unreconnoitered
unreconnoitered
unreconnoitered
unreconnoitered
unreconnoitered
unreconnoitered
unreconnoitered
unreconnoitered
unreconnoitered
unreconnoitered
unreconnoitered
.unreconnoitered
.unreconnoitered
.unreconnoitered
.unreconnoitered
.unreconnoitered
.unreconnoitered
.unreconnoitered
.unreconnoitered
.unreconnoitered
.unreconnoitered
unreconnoitered
unreconnoitered
unreconnoitered
unreconnoitered
unreconnoitered
unreconnoitered
.unreconnoitered
.unreconnoitered
.unreconnoitered
.unreconnoitered
.unreconnoitered
unreconnoitered
.unreconnoitered
unreconnoitered
unreconnoitered
unreconnoitered
unreconnoitered
unreconnoitered
unreconnoitered
unreconnoitered
unreconnoitered
unreconnoitered
unreconnoitered
unreconnoitered
unreconnoitered
unreconnoitered
unreconnoitered
unreconnoitered
unreconnoitered
unreconnoitered
unreconnoitered
unreconnoitered
unreconnoitered
unreconnoitered
unreconnoitered
unreconnoitered
unreconnoitered
unreconnoitered
unreconnoitered
unreconnoitered
unreconnoitered
unreconnoitered
unreconnoitered
unreconnoitered
unreconnoitered
unreconnoitered
unreconnoitered
unreconnoitered
unreconnoitered
unreconnoitered
unreconnoitered
unreconnoitered
unreconnoitered
unreconnoitered
unreconnoitered
unreconnoitered
unreconnoitered
unreconnoitered
unreconnoitered
unreconnoitered
unreconnoitered
unreconnoitered
unreconnoitered
unreconnoitered
unreconnoitered
unreconnoitered
unreconnoitered
unreconnoitered
unreconnoitered
.unreconnoitered
.unreconnoitered
.unreconnoitered
.unreconnoitered
.unreconnoitered
.unreconnoitered
.unreconnoitered
.unreconnoitered
.unreconnoitered
.unreconnoitered
unreconnoitered
unreconnoitered
unreconnoitered
unreconnoitered
.unreconnoitered
-unreconnoitered
.unreconnoitered
$unreconnoitered
.unreconnoitered
.unreconnoitered
$unreconnoitered
unreconnoitered
.unreconnoitered
unreconnoitered
unreconnoitered
unreconnoitered
unreconnoitered
unreconnoitered
unreconnoitered
unreconnoitered
unreconnoitered
unreconnoitered
unreconnoitered
unreconnoitered
unreconnoitered
unreconnoitered
unreconnoitered
unreconnoitered
unreconnoitered
unreconnoitered
unreconnoitered
unreconnoitered
unreconnoitered
unreconnoitered
unreconnoitered
unreconnoitered
unreconnoitered
unreconnoitered
unreconnoitered
unreconnoitered
unreconnoitered
unreconnoitered
unreconnoitered
unreconnoitered
unreconnoitered
unreconnoitered
unreconnoitered
unreconnoitered
unreconnoitered
unreconnoitered
unreconnoitered
unreconnoitered
unreconnoitered
unreconnoitered
unreconnoitered
unreconnoitered
unreconnoitered
unreconnoitered
unreconnoitered
unreconnoitered
unreconnoitered
unreconnoitered
unreconnoitered
unreconnoitered
unreconnoitered
unreconnoitered
unreconnoitered
unreconnoitered
unreconnoitered
.unreconnoitered
.unreconnoitered
.unreconnoitered
.unreconnoitered
%unreconnoitered
.unreconnoitered
.unreconnoitered
.unreconnoitered
.unreconnoitered
unreconnoitered
unreconnoitered
unreconnoitered
unreconnoitered
unreconnoitered
unreconnoitered
unreconnoitered
.unreconnoitered
$unreconnoitered
.unreconnoitered
?unreconnoitered
%interior of an energy vortex
interior of an energy vortex
.interior of an energy vortex
unreconnoitered
unreconnoitered
unreconnoitered
unreconnoitered
unreconnoitered
unreconnoitered
unreconnoitered
unreconnoitered
unreconnoitered
unreconnoitered
unreconnoitered
unreconnoitered
unreconnoitered
unreconnoitered
unreconnoitered
unreconnoitered
unreconnoitered
unreconnoitered
unreconnoitered
unreconnoitered
unreconnoitered
unreconnoitered
unreconnoitered
unreconnoitered
unreconnoitered
unreconnoitered
unreconnoitered
unreconnoitered
unreconnoitered
unreconnoitered
unreconnoitered
unreconnoitered
unreconnoitered
unreconnoitered
unreconnoitered
unreconnoitered
unreconnoitered
unreconnoitered
unreconnoitered
unreconnoitered
unreconnoitered
unreconnoitered
unreconnoitered
unreconnoitered
unreconnoitered
unreconnoitered
unreconnoitered
unreconnoitered
unreconnoitered
unreconnoitered
unreconnoitered
unreconnoitered
unreconnoitered
unreconnoitered
unreconnoitered
unreconnoitered
unreconnoitered
unreconnoitered
unreconnoitered
unreconnoitered
unreconnoitered
.unreconnoitered
unreconnoitered
unreconnoitered
unreconnoitered
unreconnoitered
unreconnoitered
unreconnoitered
unreconnoitered
unreconnoitered
?unreconnoitered
-unreconnoitered
=unreconnoitered
.unreconnoitered
.unreconnoitered
.unreconnoitered
.interior of an energy vortex
vdwarven valkyrie called spontiff
.interior of an energy vortex
unreconnoitered
unreconnoitered
unreconnoitered
unreconnoitered
unreconnoitered
unreconnoitered
unreconnoitered
unreconnoitered
unreconnoitered
unreconnoitered
unreconnoitered
unreconnoitered
unreconnoitered
unreconnoitered
unreconnoitered
unreconnoitered
unreconnoitered
unreconnoitered
unreconnoitered
unreconnoitered
unreconnoitered
unreconnoitered
unreconnoitered
unreconnoitered
unreconnoitered
unreconnoitered
unreconnoitered
unreconnoitered
unreconnoitered
unreconnoitered
unreconnoitered
unreconnoitered
unreconnoitered
unreconnoitered
unreconnoitered
unreconnoitered
unreconnoitered
unreconnoitered
unreconnoitered
unreconnoitered
unreconnoitered
unreconnoitered
unreconnoitered
unreconnoitered
unreconnoitered
unreconnoitered
unreconnoitered
unreconnoitered
unreconnoitered
unreconnoitered
unreconnoitered
unreconnoitered
unreconnoitered
unreconnoitered
unreconnoitered
.unreconnoitered
0unreconnoitered
.unreconnoitered
.unreconnoitered
.unreconnoitered
.unreconnoitered
.unreconnoitered
.unreconnoitered
unreconnoitered
unreconnoitered
unreconnoitered
unreconnoitered
unreconnoitered
unreconnoitered
unreconnoitered
unreconnoitered
unreconnoitered
.unreconnoitered
.unreconnoitered
.unreconnoitered
.unreconnoitered
%interior of an energy vortex
interior of an energy vortex
interior of an energy vortex
unreconnoitered
unreconnoitered
unreconnoitered
unreconnoitered
unreconnoitered
unreconnoitered
unreconnoitered
unreconnoitered
unreconnoitered
unreconnoitered
unreconnoitered
unreconnoitered
unreconnoitered
unreconnoitered
unreconnoitered
unreconnoitered
unreconnoitered
unreconnoitered
unreconnoitered
unreconnoitered
unreconnoitered
unreconnoitered
unreconnoitered
unreconnoitered
unreconnoitered
unreconnoitered
unreconnoitered
unreconnoitered
unreconnoitered
unreconnoitered
unreconnoitered
unreconnoitered
unreconnoitered
unreconnoitered
unreconnoitered
unreconnoitered
unreconnoitered
unreconnoitered
unreconnoitered
unreconnoitered
unreconnoitered
unreconnoitered
unreconnoitered
unreconnoitered
unreconnoitered
unreconnoitered
unreconnoitered
unreconnoitered
unreconnoitered
unreconnoitered
unreconnoitered
unreconnoitered
unreconnoitered
unreconnoitered
unreconnoitered
.unreconnoitered
0unreconnoitered
.unreconnoitered
.unreconnoitered
.unreconnoitered
.unreconnoitered
.unreconnoitered
.unreconnoitered
unreconnoitered
unreconnoitered
unreconnoitered
unreconnoitered
unreconnoitered
unreconnoitered
unreconnoitered
.unreconnoitered
-unreconnoitered
.unreconnoitered
.unreconnoitered
.unreconnoitered
.unreconnoitered
.unreconnoitered
unreconnoitered
unreconnoitered
unreconnoitered
unreconnoitered
unreconnoitered
unreconnoitered
unreconnoitered
unreconnoitered
unreconnoitered
unreconnoitered
unreconnoitered
unreconnoitered
unreconnoitered
unreconnoitered
unreconnoitered
unreconnoitered
unreconnoitered
unreconnoitered
unreconnoitered
unreconnoitered
unreconnoitered
unreconnoitered
unreconnoitered
unreconnoitered
unreconnoitered
unreconnoitered
unreconnoitered
unreconnoitered
unreconnoitered
unreconnoitered
unreconnoitered
unreconnoitered
unreconnoitered
unreconnoitered
unreconnoitered
unreconnoitered
unreconnoitered
unreconnoitered
unreconnoitered
unreconnoitered
unreconnoitered
unreconnoitered
unreconnoitered
unreconnoitered
unreconnoitered
unreconnoitered
unreconnoitered
unreconnoitered
unreconnoitered
unreconnoitered
unreconnoitered
unreconnoitered
unreconnoitered
unreconnoitered
unreconnoitered
unreconnoitered
unreconnoitered
.unreconnoitered
.unreconnoitered
.unreconnoitered
unreconnoitered
unreconnoitered
unreconnoitered
unreconnoitered
unreconnoitered
unreconnoitered
unreconnoitered
unreconnoitered
unreconnoitered
unreconnoitered
unreconnoitered
unreconnoitered
unreconnoitered
unreconnoitered
.unreconnoitered
"unreconnoitered
.unreconnoitered
.unreconnoitered
.unreconnoitered
unreconnoitered
unreconnoitered
unreconnoitered
unreconnoitered
unreconnoitered
unreconnoitered
unreconnoitered
unreconnoitered
unreconnoitered
unreconnoitered
unreconnoitered
unreconnoitered
unreconnoitered
unreconnoitered
unreconnoitered
unreconnoitered
unreconnoitered
unreconnoitered
unreconnoitered
unreconnoitered
unreconnoitered
unreconnoitered
unreconnoitered
unreconnoitered
unreconnoitered
unreconnoitered
unreconnoitered
unreconnoitered
unreconnoitered
unreconnoitered
unreconnoitered
unreconnoitered
unreconnoitered
unreconnoitered
unreconnoitered
unreconnoitered
unreconnoitered
unreconnoitered
unreconnoitered
unreconnoitered
unreconnoitered
unreconnoitered
unreconnoitered
unreconnoitered
unreconnoitered
unreconnoitered
unreconnoitered
unreconnoitered
unreconnoitered
unreconnoitered
unreconnoitered
unreconnoitered
unreconnoitered
unreconnoitered
unreconnoitered
unreconnoitered
unreconnoitered
unreconnoitered
unreconnoitered
unreconnoitered
unreconnoitered
unreconnoitered
unreconnoitered
unreconnoitered
unreconnoitered
unreconnoitered
unreconnoitered
unreconnoitered
unreconnoitered
unreconnoitered
unreconnoitered
unreconnoitered
unreconnoitered
unreconnoitered
unreconnoitered
unreconnoitered
unreconnoitered
unreconnoitered
unreconnoitered
unreconnoitered
unreconnoitered
unreconnoitered
unreconnoitered
unreconnoitered
unreconnoitered
unreconnoitered
unreconnoitered
unreconnoitered
unreconnoitered
unreconnoitered
unreconnoitered
unreconnoitered
unreconnoitered
unreconnoitered
unreconnoitered
unreconnoitered
unreconnoitered
unreconnoitered
unreconnoitered
unreconnoitered
unreconnoitered
unreconnoitered
unreconnoitered
unreconnoitered
unreconnoitered
unreconnoitered
unreconnoitered
unreconnoitered
unreconnoitered
[Spontiff the Woman-at-arms ] St:18/08 Dx:15 Co:18 In:8 Wi:9 Ch:9 Lawful S:21758 Dlvl:5 $:0 HP:0(116) Pw:16(18) AC:-5 Xp:10/8303 T:17006

Latest messages:

The rope golem grabs you!
You hit the rope golem!
The elf mummy misses!
You hit the rope golem!
The elf mummy hits!
The gas spore is caught in a spider web.
The rope golem hits!
The rope golem hits!
You are being choked.
You destroy the rope golem!
You hit the elf mummy!
The elf mummy misses!
The ogre queen picks up a bullwhip.
The wood nymph zaps a zinc wand!
The wand hits the ogre queen.
The ogre queen resists!
The wand misses you.
You hit the elf mummy!
The elf mummy misses!
The ogre queen swings her battle-axe.
The ogre queen hits!
The wood nymph zaps a wand of striking!
The wand hits the ogre queen!
The ogre queen resists!
The wand misses you.
You hit the ogre queen!
The elf mummy hits!
The ogre queen swings her battle-axe.
The ogre queen hits!
You hit the ogre queen!
The elf mummy misses!
The ogre queen swings her battle-axe.
The ogre queen hits!
You hit the ogre queen!
The ogre queen swings her battle-axe.
The ogre queen hits!
You kill the ogre queen!
The elf mummy hits!
The energy vortex misses!
The energy vortex engulfs you!
You feel your magical energy drain away.
You hit the energy vortex.
You are jolted with electricity!
You hit the energy vortex.
You are jolted with electricity!
You hit the energy vortex.
You are jolted with electricity!
You die...
Do you want your possessions identified? [ynq] (y) y
Do you want to see the dungeon overview? [ynq] (y) y

Inventory:

Amulets

A - an uncursed amulet of unchanging (being worn)

Weapons

a - an uncursed +1 dwarvish spear (weapon in hand)

Armor

h - an uncursed +1 elven leather helm (being worn)
g - an uncursed +0 pair of leather gloves (being worn)
v - an uncursed burnt +0 pair of water walking boots (being worn)
r - an uncursed +3 small shield (being worn)
q - an uncursed rotted +0 cloak of displacement (being worn)
d - an uncursed +0 elven mithril-coat (being worn)

Comestibles

y - an uncursed berried treasure
n - an uncursed food ration
p - an uncursed tripe ration
i - an uncursed lizard corpse

Wands

D - an uncursed wand of digging (0:5)

Tools

f - an uncursed greased sack containing 42 items
x - an uncursed brass lantern
o - an uncursed magic whistle
w - an uncursed mirror
k - an uncursed skeleton key
t - an uncursed towel named CoFiSl SITy
c - a blessed +0 unicorn horn

Gems/Stones

E - an uncursed black opal
l - an uncursed luckstone
j - a blessed touchstone

Contents of the sack:

2616 gold pieces
an uncursed -2 pair of levitation boots
an uncursed +0 mummy wrapping
2 uncursed food rations
an uncursed lembas wafer
an uncursed lembas wafer
an uncursed tripe ration
an uncursed lizard corpse
a blessed scroll of blank paper
4 uncursed scrolls of blank paper
a cursed scroll of blank paper
an uncursed scroll of create monster
an uncursed scroll of create monster
2 uncursed scrolls of earth
an uncursed scroll of enchant armor
an uncursed scroll of remove curse
an uncursed scroll of remove curse
4 uncursed scrolls of teleportation
a blessed potion of healing
2 potions of holy water
a potion of unholy water
an uncursed ring of free action
a blessed +0 ring of protection
an uncursed ring of protection from shape changers
an uncursed ring of shock resistance
an uncursed wand of cancellation (0:5)
an uncursed wand of digging (0:8)
an uncursed wand of digging (0:6)
an uncursed wand of enlightenment (0:14)
an uncursed wand of probing (0:2)
an uncursed wand of slow monster (0:5)
a blessed wand of speed monster (0:6)
an uncursed expensive camera (0:91)
an uncursed oil lamp
an uncursed oil lamp
an uncursed +0 pick-axe
an uncursed +0 unicorn horn
an uncursed +0 unicorn horn
an uncursed amber stone
2 uncursed amethyst stones
2 uncursed diamonds
2 uncursed emeralds

Spontiff the Valkyrie's attributes:


Background:

You were a Woman-at-arms, a level 10 dwarven Valkyrie.
You were lawful, on a mission for Tyr
who was opposed by Odin (neutral) and Loki (chaotic).
You were in Sokoban, on level 5.
You entered the dungeon 17006 turns ago.
You had 8303 experience points, 1697 more were needed to attain level 11.
Your score was 21758 before end-of-game adjustments.

Basics:

You had 0 out of 116 hit points.
You had 16 out of 18 energy points (spell power).
Your armor class was -5.
Your wallet was empty, but
you had 2616 zorkmids stashed away in your pack.
Autopickup was on for '$!/="?' plus thrown, with exceptions.

FinalCharacteristics:

Your strength was 18/08 (limit:18/100).
Your dexterity was 15 (limit:20).
Your constitution was 18 (peak:19, limit:20).
Your intelligence was 8 (limit:16).
Your wisdom was 9 (limit:16).
Your charisma was 9 (limit:16).

Final Status:

You were engulfed by an energy vortex.
You were not hungry.
You were unencumbered.
You were wielding a spear.
You had expert skill with spear.

Final Attributes:

You were piously aligned.
You were fire resistant.
You were cold resistant.
You were sleep resistant.
You saw invisible.
You were telepathic.
You had infravision.
You were displaced.
You were stealthy.
You could walk on water.
You had a small defense bonus (+3).
You were guarded.
You could not change from your current form.
You were fast.
You were extremely lucky.
You had extra luck.
Bad luck did not time out for you.
Good luck did not time out for you.
You are dead.

Miscellaneous:
You never encountered a bones level.
Total elapsed playing time was 6 hours, 14 minutes and 58 seconds.

Major events:

Turn

1: spontiff the lawful dwarven Valkyrie entered the dungeon
1152: entered the Gnomish Mines
3235: reached Mine Town
4973: attained the rank of Skirmisher (level 3)
7314: attained the rank of Fighter (level 6)
9285: acquired the Mines' End luckstone
14241: entered Sokoban
14553: completed 1st Sokoban level
15038: completed 2nd Sokoban level
15780: completed 3rd Sokoban level
15926: attained the rank of Woman-at-arms (level 10)
16954: completed 4th Sokoban level
17006: killed by an energy vortex

Vanquished creatures:

3 giant mimics
an ogre tyrant
3 small mimics
an ogre leader
a large dog
a flaming sphere
a shocking sphere
a large cat
a gargoyle
a leocrotta
a red naga
a python
4 watchmen
an amorous demon
2 chameleons
3 giant beetles
a quivering blob
a wolf
a spotted jelly
3 leprechauns
an orc-captain
2 iron piercers
a giant spider
3 black lights
a vampire bat
a gnome ruler
an orc mummy
a dwarf mummy
an ogre
3 brown puddings
an owlbear
a gold golem
a werewolf
7 Green-elves
4 lizards
a chickatrice
a dingo
4 housecats
2 jaguars
a dwarf leader
a blue jelly
a white unicorn
a gray unicorn
a black unicorn
2 dust vortices
a raven
a gnome mummy
a human zombie
a rope golem
a Woodland-elf
2 fire ants
3 bugbears
2 imps
a quasit
3 wood nymphs
a mountain nymph
2 Mordor orcs
an orc shaman
5 rock piercers
4 rock moles
a pony
3 fog clouds
a yellow light
3 shriekers
2 violet fungi
9 gnome leaders
2 gnomish wizards
a gray ooze
2 elf zombies
4 straw golems
a paper golem
a little dog
4 floating eyes
5 dwarves
2 homunculi
a kobold leader
a kobold shaman
19 hill orcs
6 rothes
a rabid rat
a centipede
3 giant bats
6 monkeys
an orc zombie
4 dwarf zombies
2 wererats
a werejackal
2 iguanas
8 killer bees
3 acid blobs
3 gas spores
6 hobbits
4 manes
2 large kobolds
5 hobgoblins
2 giant rats
7 cave spiders
a brown mold
a yellow mold
a green mold
a red mold
39 gnomes
2 garter snakes
a gnome zombie
8 geckos
13 jackals
7 foxes
3 kobolds
4 goblins
5 sewer rats
18 grid bugs
a bat
8 lichens
4 kobold zombies
6 newts
357 creatures vanquished.
No species were genocided or became extinct.

Voluntary challenges:

You read items or engraved 7 times.
You never engraved Elbereth.
You never genocided any monsters.
You never polymorphed an object.
You never changed form.
You used no wishes.
You did not violate any of the special Sokoban rules.

Achievements:

You entered a shop.
You entered the Gnomish Mines.
You entered Minetown.
You entered a temple.
You attained the rank of Skirmisher.
You attained the rank of Fighter.
You completed the Gnomish Mines.
You learned the tune to open and close the Castle's drawbridge.
You entered Sokoban.
You attained the rank of Woman-at-arms.

The Dungeons of Doom: levels 1 to 10

   Level 1: "Pools"
Level 2:
Level 3:
A general store.
Stairs down to The Gnomish Mines.
Level 4:
An altar to Tyr, a sink.
Level 5:
Level 6:
Level 7:
An altar to Tyr.
Level 8: "Food stash"
Many fountains.
Oracle of Delphi.
Level 9:
A fountain.
Stairs up to Sokoban, level 8.
Level 10:
A fountain.

The Gnomish Mines: levels 4 to 11

   Level 4:
Level 5:
Level 6:
Level 7:
Many shops, a temple, a sink.
Level 8:
Level 9:
Level 10:
Level 11: "Polytrap left"

Sokoban: levels 8 up to 5

   Level 5: <- You were here.
Solved.
Final resting place for
you, killed by an energy vortex.
Level 6:
Solved.
Level 7:
Solved.
Level 8:
Solved.

Game over:

----------
/ \
/ REST \
/ IN \
/ PEACE \
/ \
| spontiff |
| 2616 Au |
| killed by an |
| energy vortex |
| |
| |
| 2022 |
*| * * * | *
_________)/\\_//(\/(/\)/\//\/|_)_______

Farvel spontiff the Valkyrie...


You died in Sokoban on dungeon level 5 with 21497 points,
and 2616 pieces of gold, after 17006 moves.
You were level 10 with a maximum of 116 hit points when you died.